 Dungeon Crawl Stone Soup version 0.31-a0-188-g5e087ee2ca (webtiles) character file.

Game seed: 14081699449271747426

16 qw the Shooter (level 2, -1/16 HPs)
             Began as a Deep Elf Hunter on June 22, 2023.
             Slain by a kobold
             ... wielding a +0 club
              (2 damage)
             ... on level 1 of the Dungeon.
             The game lasted 00:00:09 (373 turns).

qw the Shooter (Deep Elf Hunter)                     Turns: 373, Time: 00:00:10

Health: -1/16      AC:  3    Str:  8    XL:     2   Next: 37%
Magic:  4/4        EV: 12    Int: 13    God:
Gold:   31         SH:  0    Dex: 18    Spells: 1/1 levels left

rFire   . . .        Y - +0 shortbow
rCold   . . .        (shield currently unavailable)
rNeg    . . .        c - +0 leather armour
rPois   .            (no helmet)
rElec   .            (no cloak)
rCorr   .            (no gloves)
SInv    .            (no boots)
Will    .....        (no amulet)
Stlth   ++           (no ring)
HPRegen 0.22/turn    (no ring)
MPRegen 0.09/turn

%: no passive effects
@: weak-willed
A: no striking features
a: no special abilities


You were on level 1 of the Dungeon.
You visited 1 branch of the dungeon, and saw 1 of its levels.

You collected 31 gold pieces.


   Skills:
 - Level 1.5 Fighting
 + Level 6.2 Ranged Weapons
 - Level 2.4 Dodging
 - Level 1.2 Stealth


You had one spell level left.
You didn't know any spells.
Your spell library was empty.

Inventory:

Hand Weapons
 Y - a +0 shortbow (weapon)
Armour
 c - a +0 leather armour (worn)
Potions
 e - a potion of heal wounds {unknown}

Dungeon Overview and Level Annotations

Branches:
Dungeon (1/15)

Altars:


Message History

You shoot an arrow. The arrow barely misses the hobgoblin.
The ball python hisses angrily.
The kobold barely misses you. The hobgoblin hits you.
You shoot an arrow. The arrow closely misses the hobgoblin.
The arrow barely misses the endoplasm.
The ball python bites you. The ball python closely misses you.
The kobold hits you with a +0 club. The hobgoblin closely misses you.
The ball python bites you. The ball python closely misses you.
You shoot an arrow. The arrow hits the hobgoblin!
You kill the hobgoblin!
The kobold barely misses you. The ball python barely misses you.
The ball python grabs you. The ball python constricts you.
The kobold hits you but does no damage.
You shoot an arrow.
The arrow barely misses the ball python.
The arrow hits the hobgoblin but does no damage.
The ball python closely misses you. The ball python constricts you.
The kobold hits you with a +0 club.
You shoot an arrow. The arrow hits the ball python.
The ball python is heavily wounded.
The ball python barely misses you. The ball python constricts you.
The endoplasm barely misses you.
A hobgoblin comes into view.
The kobold hits you with a +0 club. The ball python barely misses you.
The ball python constricts you.
You shoot an arrow.
The arrow closely misses the ball python.
The ball python loses its grip on you. The endoplasm hits you.
The kobold hits you with a +0 club.
You shoot an arrow.
The arrow barely misses the ball python.
The ball python barely misses you. The ball python closely misses you.
The kobold barely misses you.
The endoplasm hits you but does no damage.
The hobgoblin barely misses you.
You shoot an arrow.
The arrow barely misses the ball python.
The ball python bites you but does no damage.
The ball python closely misses you. The kobold hits you with a +0 club.
You die...

#.#.## ***** ###############
#.#.#. ,,,,* ###############
#.#.#. ***,* ###############
#.#.#. *,*
***###################.#.##
*,***,,...####.............#...
*,*,,,,.#.####.################
***,*,*,*...####.######.,,,,,#..)
,,*,*,,,,.#....J@S....).,,,,,#.##
*,*,,,*,*.####.K#g#.#...,,,,,#.#.
*,,,,,,,,........S......,,,,,#.#.
,,,,*,*,,...#...#.#.#...,,,,,#.#.
,,,,*,***######..g......,,,,,#.##
,,,,*,,,,.......#.#.#...,,,,,#...
,*****,,,.#####.......#.,,,,>####
,,,,,+,,,.........[.....,,,,,#...
******,,,,*********,,,,,*****#.##


You could see an endoplasm, 2 hobgoblins, 2 ball pythons and a kobold.

Vanquished Creatures
  2 dart slugs (D:1)
  An endoplasm (D:1)
  A goblin (D:1)
  A hobgoblin (D:1)
  A kobold (D:1)
  A quokka (D:1)
  4 ball pythons (D:1)
11 creatures vanquished.

Notes
Turn   | Place    | Note
-------+----------+-------------------------------------------
     0 | D:1      | qw the Deep Elf Hunter began the quest for the Orb.
     0 | D:1      | Reached XP level 1. HP: 12/12 MP: 3/3
     0 | D:1      | 0 ||| qw: Version: 0.3-a-9-g12657ce
     0 | D:1      | 0 ||| qw: Game counter: 2942
     0 | D:1      | 0 ||| qw: Always use a shield: true
     0 | D:1      | 0 ||| qw: God list: Okawaru
     0 | D:1      | 0 ||| qw: Allow faded altars: false
     0 | D:1      | 0 ||| qw: Do Orc after D:15 true
     0 | D:1      | 0 ||| qw: Do second Lair branch before Depths: true
     0 | D:1      | 0 ||| qw: Lair rune preference: random
     0 | D:1      | 0 ||| qw: Plans: Normal
     0 | D:1      | 0 ||| PLANNING D:1-11
   280 | D:1      | Reached XP level 2. HP: 16/16 MP: 4/4
   291 | D:1      | Reached skill level 6 in Ranged Weapons
   355 | D:1      | 355 ||| READING 2 scrolls labelled YFIAZIGISY.
   356 | D:1      | 356 ||| READING scroll labelled TOUXIE VOFIS.
   357 | D:1      | 357 ||| READING scroll labelled FERPHU ITASAROI.
   358 | D:1      | 358 ||| DROPPING scroll of vulnerability.
   360 | D:1      | 360 ||| DROPPING scroll of butterflies.
   369 | D:1      | HP: 4/16 [kobold/+0 club (1)]
   371 | D:1      | HP: 1/16 [kobold/+0 club (1)]
   373 | D:1      | Slain by a kobold

Levels and vault maps discovered:
D:1:      sevenhm_arrival_forest_fort_small_5, layout_basic, serial_glass,
          glass_columns_a, glass_columns_a, glass_columns_b, glass_columns_b,
          glass_columns_a, glass_columns_b, glass_columns_b, glass_columns_a,
          serial_shops, nicolae_shop_mannequins, patterned_corridor

Skill      XL: |  1  2 |
---------------+-------+-----
Ranged Weapons | 6 |  6.2
Fighting       | |  1.5
Dodging        | |  2.4
Stealth        | |  1.2

Action                     || total
---------------------------++-------
   Fire: Shortbow          ||    42
    Use: Scroll            ||     3
 Armour: Leather armour    ||     7
  Dodge: Dodged            ||    30

Table legend:
 A = Non-vault XP
 B = Vault XP
 C = Vault XP percentage of total XP
 D = Non-vault monster count
 E = Vault monster count
 F = Vault count percentage of total count
                 A         B        C        D         E       F
            +---------+---------+-------+---------+---------+-------
      Total |      23 |       0 |   0.0 |      11 |       0 |   0.0
            +---------+---------+-------+---------+---------+-------
        D:1 |      23 |       0 |   0.0 |      11 |       0 |   0.0
            +---------+---------+-------+---------+---------+-------
